 Dungeon Crawl Stone Soup version 0.25.1-2-g60ff931df9 (webtiles) character file.

Game seed: 12922654888791481912

5675 DungeonDestroyer the Blocker (level 10, -2/82 HPs)
             Began as a Gnoll Fighter on Oct 7, 2020.
             Was an Elder of Okawaru.
             Slain by Gastronok (18 damage)
             ... on level 8 of the Dungeon.
             The game lasted 00:17:29 (10350 turns).

DungeonDestroyer the Blocker (Gnoll Fighter)       Turns: 10350, Time: 00:17:30

Health: -2/82      AC: 17    Str: 21    XL:     10   Next: 75%
Magic:  18/18      EV: 16    Int: 11    God:    Okawaru [****..]
Gold:   462        SH: 14    Dex: 15    Spells: 19/19 levels left

rFire    . . .     SeeInvis .   a - +0 war axe
rCold    . . .     Gourm    .   c - +1 kite shield
rNeg     . . .     Faith    .   t - +0 plate armour
rPois    .         Spirit   .   z - +0 helmet
rElec    .         Reflect  .   (no cloak)
rCorr    +         Harm     .   (no gloves)
MR       .....                  (no boots)
Stlth    ..........             (no amulet)
HPRegen  0.23/turn              k - +4 ring of evasion
MPRegen  0.16/turn              G - ring of resist corrosion

@: heroism, slowed, very slow
A: distributed training, fangs 1, strong nose
a: Heroism, Renounce Religion


You were on level 8 of the Dungeon.
You worshipped Okawaru.
Okawaru was greatly pleased with you.
You were not hungry.

You visited 2 branches of the dungeon, and saw 9 of its levels.
You also visited: Sewer.

You collected 462 gold pieces.

Inventory:

Hand Weapons
 a - a +0 war axe (weapon)
 b - a +1 vorpal spear
Missiles
 e - 353 stones (quivered)
 g - 8 javelins
 j - 89 bolts
 n - 87 sling bullets
 q - 77 arrows
 B - 8 boomerangs
Armour
 c - a +1 kite shield (worn)
 t - a +0 plate armour (worn)
 z - a +0 helmet (worn)
 A - +0 steam dragon scales
Jewellery
 h - an uncursed ring of stealth
 k - a +4 ring of evasion (left hand)
 o - an uncursed ring of flight
 G - a ring of resist corrosion (right hand)
Wands
 p - a wand of flame (59)
 E - a wand of polymorph (2)
Scrolls
 i - 7 scrolls of remove curse
 l - 8 scrolls of identify
 r - 2 scrolls of blinking
 s - a scroll of teleportation
 w - a scroll of magic mapping
 x - a scroll of fear
 y - 2 scrolls of amnesia
Potions
 d - a potion of might
 m - a potion of heal wounds
 u - 2 potions of curing
 v - a potion of flight {unknown}
 D - a potion of invisibility
 F - a potion of haste {unknown}
Comestibles
 f - 5 rations


   Skills:
 + Level 8.6(13.6) Fighting
 + Level 5.4(10.4) Short Blades
 + Level 5.4(10.4) Long Blades
 + Level 7.2(12.2) Axes
 + Level 5.4(10.4) Maces & Flails
 + Level 5.4(10.4) Polearms
 + Level 5.4(10.4) Staves
 + Level 5.4(10.4) Slings
 + Level 5.4(10.4) Bows
 + Level 5.4(10.4) Crossbows
 + Level 5.4(10.4) Throwing
 + Level 8.6(13.6) Armour
 + Level 5.4(10.4) Dodging
 + Level 5.4(10.4) Stealth
 + Level 8.6(13.6) Shields
 + Level 5.4(10.4) Unarmed Combat
 + Level 5.4 Spellcasting
 + Level 4.5 Conjurations
 + Level 4.5 Hexes
 + Level 4.5 Charms
 + Level 4.5 Summonings
 + Level 4.5 Necromancy
 + Level 4.5 Translocations
 + Level 4.5 Transmutations
 + Level 4.5 Fire Magic
 + Level 4.5 Ice Magic
 + Level 4.5 Air Magic
 + Level 4.5 Earth Magic
 + Level 4.5 Poison Magic
 + Level 6.0 Invocations
 + Level 5.4 Evocations


You had 19 spell levels left.
You didn't know any spells.
Your spell library was empty.

Dungeon Overview and Level Annotations

Branches:
Dungeon (8/15)             Temple (1/1) D:4           Sewer (visited)
   Lair: D:8-11

Altars:
Cheibriados
Dithmenos
Elyvilon
Fedhas
Gozag
Hepliaklqana
Kikubaaqudgha
Makhleb
Nemelex Xobeh
Okawaru
Ru
Sif Muna
Trog
Uskayaw
Vehumet
Wu Jian
Xom
Yredelemnul
Zin
The Shining One

Shops:
D:6 (

Annotations:
D:3 1 runed translucent door, Saltbearer's ghost, amateur DgWn
D:7 3 runed translucent doors, KyoPewz's ghost, novice OgBe
D:8 Gastronok


Innate Abilities, Weirdness & Mutations

Your experience applies equally to all skills.
You have very sharp teeth.
Your uncanny sense of smell can sniff out nearby items.


Message History

You hit Gastronok but do no damage.
Gastronok is almost dead.
Gastronok bites you but does no damage.
Unknown command.
You hit Gastronok.
Gastronok is almost dead.
Gastronok chants a spell, wobbling all the while.
Unknown command.
Unknown command.
Unknown command.
Unknown command.
You hit Gastronok.
Gastronok is almost dead.
You block the bat's attack.
Unknown command.
You slash Gastronok! You bite Gastronok, but do no damage.
Gastronok is almost dead.
You closely miss the bat. You block the bat's attack. x2
Gastronok bites you!!
You die...

.........................^>#
.##.........#............#
.####..###.##.####......#########
.####.......#...........[[.....y.
...##...##..######....[.#########
...##...#....#............#
........#....#........[...#
........#...<#.wb..[.[....#
........#...##..@...[.....#
........#....#....[..######
####....##.###.......#
.....................#
.###.)####.###.......# .#
##................########
.####..###.##...............#
.....<..##.##...............#
.####...##.##...............#


You could see Gastronok (swift) and a bat (summoned).

Vanquished Creatures
  A two-headed ogre (D:8)
  Maggie (D:7)
  A hornet (D:8)
  A hippogriff (D:7)
  3 yaks (D:7)
  A water moccasin (D:7)
  4 orc warriors
  A black bear (D:8)
  3 sky beasts
  2 ice beasts (D:7)
  6 ogres
  2 centaurs
  4 bullfrogs
  5 killer bees (D:8)
  2 scorpions (D:5)
  4 howler monkeys
  5 wights (D:8)
  3 crimson imps
  3 orc priests
  5 orc wizards
  2 bullfrog zombies (D:5)
  3 hounds
  5 iguanas
  2 bullfrog skeletons
  A centaur skeleton (D:6)
  Natasha (thrice) (D:2)
  Terence (D:2)
  4 worker ants
  2 hound zombies
  2 hound skeletons
  Robin (D:3)
  3 gnolls (D:7)
  A howler monkey skeleton (D:4)
  14 river rats
  5 adders
  A shadow imp (D:6)
  An ooze (D:5)
  4 worms
  5 dart slugs
  3 leopard geckos
  26 orcs
  7 ball pythons
  7 bats
  18 goblins
  3 hobgoblins
  7 jackals
  4 kobolds
  10 quokkas
  10 frilled lizards
  A giant cockroach zombie (D:5)
  A leopard gecko skeleton (D:5)
  A leopard gecko zombie (D:5)
  35 rats
250 creatures vanquished.

Notes
Turn   | Place    | Note
-------+----------+-------------------------------------------
     0 | D:1      | DungeonDestroyer the Gnoll Fighter began the quest for the
                  | Orb.
     0 | D:1      | Reached XP level 1. HP: 23/23 MP: 1/1
    67 | D:1      | Reached XP level 2. HP: 29/29 MP: 2/2
   487 | D:1      | Reached XP level 3. HP: 35/35 MP: 3/3
   914 | D:2      | Noticed Terence
   924 | D:2      | Killed Terence
   924 | D:2      | Reached skill level 1 in Invocations
   950 | D:2      | Noticed Natasha
   964 | D:2      | Killed Natasha
   964 | D:2      | Reached skill level 1 in Short Blades
   964 | D:2      | Reached skill level 1 in Long Blades
   964 | D:2      | Reached skill level 1 in Maces & Flails
   964 | D:2      | Reached skill level 1 in Polearms
   964 | D:2      | Reached skill level 1 in Staves
   964 | D:2      | Reached skill level 1 in Slings
   964 | D:2      | Reached skill level 1 in Bows
   964 | D:2      | Reached skill level 1 in Crossbows
   964 | D:2      | Reached skill level 1 in Throwing
   964 | D:2      | Reached skill level 1 in Dodging
   964 | D:2      | Reached skill level 1 in Stealth
   964 | D:2      | Reached skill level 1 in Unarmed Combat
   964 | D:2      | Reached skill level 1 in Spellcasting
   964 | D:2      | Reached skill level 1 in Evocations
   964 | D:2      | Reached XP level 4. HP: 30/41 MP: 5/5
   966 | D:2      | You fall into a shaft and drop 2 floors!
  1041 | D:4      | Reached skill level 1 in Conjurations
  1041 | D:4      | Reached skill level 1 in Hexes
  1041 | D:4      | Reached skill level 1 in Charms
  1041 | D:4      | Reached skill level 1 in Summonings
  1041 | D:4      | Reached skill level 1 in Necromancy
  1041 | D:4      | Reached skill level 1 in Translocations
  1041 | D:4      | Reached skill level 1 in Transmutations
  1041 | D:4      | Reached skill level 1 in Fire Magic
  1041 | D:4      | Reached skill level 1 in Ice Magic
  1041 | D:4      | Reached skill level 1 in Air Magic
  1041 | D:4      | Reached skill level 1 in Earth Magic
  1041 | D:4      | Reached skill level 1 in Poison Magic
  1095 | D:4      | Noticed an ogre
  1109 | D:4      | Killed an ogre
  1109 | D:4      | Reached XP level 5. HP: 34/47 MP: 5/7
  1145 | D:4      | Noticed an ogre
  1157 | D:4      | Killed an ogre
  1157 | D:4      | Reached XP level 6. HP: 5/53 MP: 8/8
  1501 | D:4      | Reached skill level 5 in Axes
  1663 | D:4      | Found a staircase to the Ecumenical Temple.
  1686 | Temple   | Entered the Ecumenical Temple
  1820 | Temple   | Became a worshipper of Warmaster Okawaru
  1947 | D:4      | Found a blossoming altar of Fedhas.
  2404 | D:2      | Reached XP level 7. HP: 59/59 MP: 10/10
  2519 | D:2      | Noticed Natasha
  2525 | D:2      | Killed Natasha
  2849 | D:2      | Noticed Natasha
  2853 | D:2      | Killed Natasha
  2916 | D:3      | Found a white marble altar of Elyvilon.
  2916 | D:3      | Found a bloodstained altar of Trog.
  3108 | D:3      | Found a runed translucent door.
  3111 | D:3      | Noticed Saltbearer's ghost (amateur DgWn)
  3155 | D:3      | Noticed Robin
  3173 | D:3      | Killed Robin
  3508 | D:5      | Entered Level 5 of the Dungeon
  3623 | D:5      | Found a glowing drain.
  3647 | Sewer    | Entered a sewer
  3834 | Sewer    | Reached * piety under Okawaru
  4200 | D:5      | Reached XP level 8. HP: 39/67 MP: 12/12
  4911 | D:5      | Reached ** piety under Okawaru
  5160 | D:6      | Found a basalt altar of Yredelemnul.
  5270 | D:6      | Found a hazy altar of Hepliaklqana.
  5332 | D:6      | Found Wifina's Antique Weapon Shop.
  5347 | D:6      | Reached XP level 9. HP: 72/72 MP: 14/14
  5982 | D:6      | Found a shimmering altar of Xom.
  6213 | D:7      | Found a runed translucent gate.
  6214 | D:7      | Found a runed translucent gate.
  6215 | D:7      | Found a runed translucent gate.
  6220 | D:7      | Found an opulent altar of Gozag.
  6221 | D:7      | Noticed KyoPewz's ghost (novice OgBe)
  6236 | D:7      | Noticed Maggie
  6254 | D:7      | Killed Maggie
  6317 | D:7      | Reached *** piety under Okawaru
  7127 | D:7      | Reached skill level 5 in Invocations
  7432 | D:7      | Reached XP level 10. HP: 80/80 MP: 17/17
  8438 | D:8      | Reached **** piety under Okawaru
  8443 | D:8      | HP: 2/80 [orc priest/divine providence (10)]
  8853 | D:8      | Reached skill level 5 in Short Blades
  8853 | D:8      | Reached skill level 5 in Long Blades
  8853 | D:8      | Reached skill level 5 in Maces & Flails
  8853 | D:8      | Reached skill level 5 in Polearms
  8853 | D:8      | Reached skill level 5 in Staves
  8853 | D:8      | Reached skill level 5 in Slings
  8853 | D:8      | Reached skill level 5 in Bows
  8853 | D:8      | Reached skill level 5 in Crossbows
  8853 | D:8      | Reached skill level 5 in Throwing
  8853 | D:8      | Reached skill level 5 in Dodging
  8853 | D:8      | Reached skill level 5 in Stealth
  8853 | D:8      | Reached skill level 5 in Unarmed Combat
  8853 | D:8      | Reached skill level 5 in Spellcasting
  8853 | D:8      | Reached skill level 5 in Evocations
  9213 | D:8      | Noticed Gastronok
 10001 | D:8      | Noticed a two-headed ogre
 10019 | D:8      | Killed a two-headed ogre
 10019 | D:8      | Received a gift from Okawaru
 10350 | D:8      | Slain by Gastronok

Illustrated notes

Levels and vault maps discovered:
D:1:      scummos_arrival_simple_crosswalls, layout_basic
D:2:      layout_basic, uniq_terence, uniq_natasha
D:3:      layout_rooms, nicolae_overflow_hidden_temple,
          hellmonk_ghost_happy_afterlife, uniq_robin
D:4:      layout_loops_ring, lemuel_doored_altar,
          minmay_temple_entry_statues_pillars
D:5:      lemuel_ratsnest, layout_basic, first_ration, portal_sewer_entry_b
D:6:      layout_rooms, lemuel_coloured_pillars_altar, serial_shops,
          nicolae_shop_statue_plus, basic_altar, yredelemnul_altar_generic
D:7:      layout_layer_cave, ebering_ghost_gozag, uniq_maggie
D:8:      layout_basic, uniq_gastronok
Temple:   regret_index_temple_waves

Skill      XL: |  1  2  3  4  5  6  7  8  9 10 |
---------------+-------------------------------+-----
Invocations    | 1 2 3 4 5 6 |  6.0
Short Blades   | 1 2 3 4 5 |  5.4
Long Blades    | 1 2 3 4 5 |  5.4
Maces & Flails | 1 2 3 4 5 |  5.4
Polearms       | 1 2 3 4 5 |  5.4
Staves         | 1 2 3 4 5 |  5.4
Slings         | 1 2 3 4 5 |  5.4
Bows           | 1 2 3 4 5 |  5.4
Crossbows      | 1 2 3 4 5 |  5.4
Throwing       | 1 2 3 4 5 |  5.4
Dodging        | 1 2 3 4 5 |  5.4
Stealth        | 1 2 3 4 5 |  5.4
Unarmed Combat | 1 2 3 4 5 |  5.4
Spellcasting   | 1 2 3 4 5 |  5.4
Evocations     | 1 2 3 4 5 |  5.4
Conjurations   | 1 2 3 4 |  4.5
Hexes          | 1 2 3 4 |  4.5
Charms         | 1 2 3 4 |  4.5
Summonings     | 1 2 3 4 |  4.5
Necromancy     | 1 2 3 4 |  4.5
Translocations | 1 2 3 4 |  4.5
Transmutations | 1 2 3 4 |  4.5
Fire Magic     | 1 2 3 4 |  4.5
Ice Magic      | 1 2 3 4 |  4.5
Air Magic      | 1 2 3 4 |  4.5
Earth Magic    | 1 2 3 4 |  4.5
Poison Magic   | 1 2 3 4 |  4.5
Axes           | 5 6 7 |  7.2
Fighting       | 7 8 |  8.6
Armour         | 7 8 |  8.6
Shields        | 7 8 |  8.6

Action                   |  1- 3 |  4- 6 |  7- 9 | 10-12 || total
-------------------------+-------+-------+-------+-------++-------
Melee: War axe           |    57 |   102 |   555 |   280 ||   994
       Bite              |    11 |     8 |    85 |    49 ||   153
       Spear             |       |       |     5 |       ||     5
Invok: Heroism           |       |       |       |     5 ||     5
Evoke: Wand              |       |       |       |    16 ||    16
  Use: Scroll            |     3 |     1 |     8 |     1 ||    13
       Potion            |     1 |     1 |     5 |     3 ||    10
 Stab: Invisible         |       |       |     2 |       ||     2
  Eat: Chunk             |       |     5 |     5 |     2 ||    12
       Ration            |       |       |     4 |     2 ||     6
Armor: Scale mail        |    10 |       |       |       ||    10
       Chain mail        |    18 |    30 |    10 |       ||    58
       Plate armour      |       |       |   206 |   116 ||   322
Dodge: Dodged            |    25 |    35 |   215 |   160 ||   435
Block: Kite shield       |    35 |    52 |   355 |   232 ||   674
